[Event "Titled Tuesday Blitz August 22 Late 2023"]
[White "Serban, Cristian-Stefan"]
[Black "Koellner, Ruben Gideon"]
[WhiteFideId "1241443"]
[BlackFideId "12993093"]
[WhiteElo "2460"]
[BlackElo "2718"]
[Result "0-1"]
[Round "2"]
[TimeControl "180+1"]
[Date "2023.08.22"]
[WhiteClock "0:00:04"]
[BlackClock "0:00:58"]
[Board "74"]

1. d4 d6 2. Nf3 Nf6 3. b3 Nbd7 4. Bb2 g6 5. e3 Bg7 6. Bd3 O-O 7. O-O Re8 8. c4 e5 9. dxe5 Nxe5 10. Nxe5 dxe5 11. Nc3 c6 12. Qc2 Qe7 13. Rad1 Bg4 14. Be2 Bf5 15. Qc1 Bf8 16. h3 h5 17. Rd2 Rad8 18. Rfd1 Rxd2 19. Qxd2 Qc7 20. Qc1 Rd8 21. Rxd8 Qxd8 22. Qd1 Qxd1+ 23. Bxd1 Nd7 24. Ne2 f6 25. Nc1 Kf7 26. Kf1 Bb4 27. Ke2 a5 28. Nd3 Be7 29. Bc2 b6 30. h4 Bxd3+ 31. Bxd3 f5 32. g3 e4 33. Bc2 Bf6 34. Ba3 Ke6 35. Bb1 Bc3 36. Bc2 Ne5 37. Bb1 Nf3 38. Bc2 Be5 39. Bb1 Bf6 40. Bc2 Ne5 41. Bb1 Ng4 42. Bc2 g5 43. hxg5 Bxg5 44. Bc1 Ne5 45. Bb2 Nf3 46. Bc1 h4 47. gxh4 Bxh4 48. Bb1 Ng1+ 49. Kf1 Nh3 50. f3 exf3 51. e4 f4 52. Bc2 Bg3 53. Bd1 Ng5 54. Bd2 Nxe4 55. Be1 Bxe1 56. Kxe1 f2+ 57. Kf1 Ke5 58. Bf3 Nd2+ 59. Kxf2 Nxf3 60. Kxf3 c5 61. a3 Kf5 62. a4 0-1


[Site "https://www.chess.com"]

[Event "Titled Tuesday Blitz August 22 Late 2023"]
[White "Preotu, Razvan"]
[Black "Sernecki, Franciszek"]
[WhiteFideId "2613280"]
[BlackFideId "1169297"]
[WhiteElo "2718"]
[BlackElo "2457"]
[Result "1-0"]
[Round "2"]
[TimeControl "180+1"]
[Date "2023.08.22"]
[WhiteClock "0:01:34"]
[BlackClock "0:00:47"]
[Board "75"]

1. e4 c5 2. Nf3 Nc6 3. Bb5 e6 4. O-O Nge7 5. Re1 a6 6. Bf1 d5 7. exd5 exd5 8. d4 c4 9. b3 b5 10. a4 Bg4 11. axb5 axb5 12. Rxa8 Qxa8 13. Nc3 Na7 14. Ba3 g6 15. Qe2 Nc8 16. Nxb5 Bxf3 17. Qxf3 Qc6 18. bxc4 Bg7 19. cxd5 Qxc2 20. d6 O-O 21. dxe7 Re8 22. d5 Qd2 23. Rd1 Qa5 24. d6 1-0


[Site "https://www.chess.com"]

[Event "Titled Tuesday Blitz August 22 Late 2023"]
[White "Arencibia Monduy, Antonio"]
[Black "Koziorowicz, Michal"]
[WhiteFideId "3507939"]
[BlackFideId "21809194"]
[WhiteElo "2456"]
[BlackElo "2711"]
[Result "1/2-1/2"]
[Round "2"]
[TimeControl "180+1"]
[Date "2023.08.22"]
[WhiteClock "0:00:16"]
[BlackClock "0:00:11"]
[Board "76"]

1. e4 c5 2. Nf3 Nc6 3. c3 Nf6 4. e5 Nd5 5. d4 cxd4 6. cxd4 d6 7. exd6 Qxd6 8. Nc3 Nxc3 9. bxc3 g6 10. Be2 Bg7 11. O-O O-O 12. Be3 Bg4 13. h3 Bxf3 14. Bxf3 Rac8 15. Rb1 Qd7 16. Qa4 Rfd8 17. Rfd1 a6 18. Qb3 Na5 19. Qb4 Qc7 20. Rdc1 b5 21. a4 Rb8 22. axb5 axb5 23. Ra1 Nc4 24. Bg5 Re8 25. Re1 e6 26. Bh4 Nd2 27. Be2 Bf8 28. Qb2 Nc4 29. Qc2 Ra8 30. Bf3 Rxa1 31. Rxa1 Bd6 32. Bf6 Rc8 33. Be2 Be7 34. Bxe7 Qxe7 35. Bxc4 Rxc4 36. Rb1 Qc7 37. Qb3 Rxc3 38. Qxb5 Rc1+ 39. Rxc1 Qxc1+ 40. Qf1 Qxf1+ 41. Kxf1 Kf8 42. Ke2 Ke7 43. Kd3 Kd6 44. Ke4 f6 45. f4 h5 46. g4 hxg4 47. hxg4 g5 48. fxg5 fxg5 49. Kd3 Kd5 50. Ke3 e5 51. dxe5 Kxe5 52. Kf3 Kd4 53. Kf2 Ke4 54. Kg2 Kf4 55. Kh2 Kf3 56. Kg1 Kg3 57. Kf1 Kf3 58. Kg1 Kf4 59. Kf2 Kxg4 60. Kg2 Kf4 61. Kf2 g4 62. Kg2 g3 63. Kg1 Kf3 64. Kf1 g2+ 65. Kg1 Kg3 1/2-1/2


[Site "https://www.chess.com"]

[Event "Titled Tuesday Blitz August 22 Late 2023"]
[White "Schnaider, Ilan"]
[Black "Olsson, William"]
[WhiteFideId "169013"]
[BlackFideId "1741721"]
[WhiteElo "2710"]
[BlackElo "2455"]
[Result "0-1"]
[Round "2"]
[TimeControl "180+1"]
[Date "2023.08.22"]
[WhiteClock "0:00:04"]
[BlackClock "0:00:11"]
[Board "77"]

1. e4 c5 2. Nf3 d6 3. Bb5+ Nd7 4. a4 Nf6 5. Nc3 e6 6. O-O Be7 7. a5 O-O 8. d4 cxd4 9. Qxd4 a6 10. Bc4 Nb8 11. h3 Nc6 12. Qb6 Nd7 13. Qxd8 Bxd8 14. Bf4 e5 15. Be3 Bxa5 16. Nd5 Nc5 17. c3 Nxe4 18. Bd3 Nf6 19. Be4 Nxe4 20. Rfd1 Be6 21. Ra4 Nf6 22. c4 Bd8 23. Nc3 Be7 24. g4 b5 25. cxb5 axb5 26. Rxa8 Rxa8 27. Nxb5 Ne8 28. Rc1 Nb4 29. Kh2 Nd5 30. Bd2 h6 31. Na3 Rb8 32. Nc4 Nf4 33. b3 Nd3 34. Rc3 Nc5 35. Na5 Bd8 36. Nc6 Rc8 37. Na7 Ra8 38. Nc6 Ba5 39. Nxa5 Rxa5 40. b4 Rb5 41. bxc5 Rxc5 42. Ra3 Kh7 43. g5 Kg6 44. Nh4+ Kh5 45. Ra4 d5 46. gxh6 gxh6 47. Ng2 Nf6 48. Rh4+ Kg6 49. Rxh6+ Kg7 50. Rh4 Ne4 51. Be3 Rc2 52. f3 Nf2 53. Kg3 Nd3 54. Rh5 d4 55. Bg1 f5 56. Rg5+ Kf6 57. h4 f4+ 58. Kh2 Ne1 59. Kh1 Nxf3 60. Rh5 Rc1 61. Rh6+ Kg7 62. Ne1 Rxe1 63. Rg6+ Kxg6 64. h5+ Kxh5 65. Kg2 Rxg1+ 66. Kxf3 Bg4+ 67. Ke4 f3 68. Kxe5 f2 69. Kf6 f1=Q+ 70. Kg7 Be2+ 71. Kh8 Qf8+ 72. Kh7 Qg7# 0-1


[Site "https://www.chess.com"]

[Event "Titled Tuesday Blitz August 22 Late 2023"]
[White "Volkov, Maksim"]
[Black "Eggleston, Thomas A"]
[WhiteFideId "54123070"]
[BlackFideId "412139"]
[WhiteElo "2707"]
[BlackElo "2449"]
[Result "0-1"]
[Round "2"]
[TimeControl "180+1"]
[Date "2023.08.22"]
[WhiteClock "0:00:07"]
[BlackClock "0:00:07"]
[Board "78"]

1. d4 Nf6 2. c4 c5 3. d5 e5 4. Nc3 d6 5. g3 Be7 6. Bg2 Nbd7 7. Nf3 Nf8 8. O-O Ng6 9. e4 O-O 10. h3 h6 11. a3 Nh7 12. b4 b6 13. Rb1 f5 14. exf5 Bxf5 15. Rb2 e4 16. Nd2 Bf6 17. Ndxe4 Bxe4 18. Nxe4 Bxb2 19. Bxb2 Ng5 20. Qg4 Qc8 21. Qxc8 Raxc8 22. Nxd6 Rcd8 23. Nb5 Nf3+ 24. Bxf3 Rxf3 25. bxc5 bxc5 26. Re1 Rb3 27. Bc1 Rb1 28. Nxa7 Ne5 29. Rxe5 Rxc1+ 30. Kg2 Rxc4 31. Nb5 Rc2 32. Rf5 c4 33. d6 Rd2 34. g4 c3 35. Rc5 c2 36. a4 Rf8 37. Kg3 Rdxf2 38. Kh4 Rh2 39. Rc3 g5+ 40. Kh5 Kg7 41. Rc7+ Rf7 42. d7 Rxh3# 0-1


[Site "https://www.chess.com"]

[Event "Titled Tuesday Blitz August 22 Late 2023"]
[White "Buchenau, Frank"]
[Black "Krishnan, Varun"]
[WhiteFideId "4604350"]
[BlackFideId "5054508"]
[WhiteElo "2446"]
[BlackElo "2707"]
[Result "1-0"]
[Round "2"]
[TimeControl "180+1"]
[Date "2023.08.22"]
[WhiteClock "0:00:11"]
[BlackClock "0:00:09"]
[Board "79"]

1. e4 a6 2. d4 e6 3. Nf3 d5 4. e5 c5 5. c3 Nc6 6. Bd3 Bd7 7. O-O Qb6 8. dxc5 Bxc5 9. b4 Be7 10. Nbd2 Nh6 11. Nb3 Ng4 12. Qe2 f6 13. exf6 Bxf6 14. h3 Nge5 15. Be3 Qc7 16. Bf4 Nxf3+ 17. Qxf3 e5 18. Rfe1 O-O-O 19. Bg3 Rhe8 20. a4 Be6 21. Bxh7 Qf7 22. Nc5 g6 23. b5 Nb8 24. Nxe6 Rxe6 25. Bxe5 Rf8 26. Bxf6 Rxf6 27. Qg4+ Nd7 28. bxa6 bxa6 29. Rab1 Qxh7 30. Qg3 Rf4 31. Qd3 Nc5 32. Qxd5 Qc7 33. Qa8+ Kd7 34. Rbd1+ Qd6 35. Rxd6+ Kxd6 36. Qa7 Kd5 37. Qb6 Ne4 38. Rd1+ Ke5 39. Qd4+ Kf5 40. g3 Rxf2 41. Qd7+ Kg5 42. Qe7+ Kh6 43. Qxe4 R2f3 44. Kg2 Rf2+ 45. Kg1 R2f3 46. Rd3 Rf1+ 47. Kh2 R8f2+ 48. Qg2 Rxg2+ 49. Kxg2 Ra1 50. Rd4 Ra3 51. Rc4 Ra2+ 52. Kf3 Kg5 53. h4+ Kh6 54. Kg4 Rd2 55. Rd4 Rc2 56. Rc4 Ra2 57. Kf4 Rf2+ 58. Ke3 Rg2 59. Kf3 Rd2 60. g4 Rd3+ 61. Kf4 Rd1 62. Rc6 Rf1+ 63. Ke5 Rg1 64. h5 Kh7 65. Rxg6 Ra1 66. Kd4 Rd1+ 67. Kc4 a5 68. Kb5 Rd3 69. c4 Rb3+ 70. Kxa5 Rb1 71. c5 Rc1 72. c6 Rc5+ 73. Kb6 Rc1 74. a5 Rb1+ 75. Ka6 Ra1 76. c7 Rc1 77. Kb7 Rc2 78. a6 Rb2+ 79. Kc8 Rc2 80. a7 Ra2 81. Kb8 Rb2+ 82. Ka8 Rc2 83. Kb7 Rb2+ 84. Rb6 Rc2 85. a8=Q Rf2 86. Rh6+ Kxh6 87. Qh8+ Kg5 88. Qe5+ Kh4 89. Qe7+ Kh3 90. c8=Q Rb2+ 91. Ka7 Rb3 92. Qa6 Kh2 93. g5 Rg3 94. Qe5 Kg2 95. Qc6+ Kh2 96. Qxg3+ Kxg3 97. g6 Kh4 98. g7 Kxh5 99. g8=Q Kh4 100. Qf6+ Kh3 101. Qh6# 1-0


[Site "https://www.chess.com"]

[Event "Titled Tuesday Blitz August 22 Late 2023"]
[White "carokannlover213"]
[Black "Jonkman, Harmen"]
[BlackFideId "1002708"]
[WhiteElo "2706"]
[BlackElo "2431"]
[Result "1-0"]
[Round "2"]
[TimeControl "180+1"]
[Date "2023.08.22"]
[WhiteClock "0:00:05"]
[BlackClock "0:00:01"]
[Board "80"]

1. e4 e5 2. Nf3 Nc6 3. Bb5 Nf6 4. d3 Bc5 5. c3 O-O 6. O-O Re8 7. Nbd2 a6 8. Bxc6 bxc6 9. Nc4 d6 10. Be3 Bxe3 11. Nxe3 a5 12. Re1 a4 13. b4 axb3 14. axb3 Be6 15. b4 Rxa1 16. Qxa1 Qa8 17. Qa5 Qb7 18. Ra1 Nd7 19. Qa7 Qc8 20. h3 h6 21. Qa6 c5 22. b5 Qb8 23. c4 Nf8 24. Qa7 Qd8 25. Qb7 Ng6 26. Ra7 Nf4 27. Qxc7 Qf6 28. Ne1 Bxh3 29. b6 Bxg2 30. N1xg2 Nxd3 31. Nf5 g6 32. Qxd6 Qg5 33. Re7 Rf8 34. Ne3 Nf4 35. Kf1 Nh3 36. b7 Rd8 37. Qxd8+ Kg7 38. b8=Q Qxe3 39. Qh8# 1-0


[Site "https://www.chess.com"]

[Event "Titled Tuesday Blitz August 22 Late 2023"]
[White "Kupervaser, Erez"]
[Black "Komov, Roman"]
[WhiteFideId "2814587"]
[BlackFideId "24175714"]
[WhiteElo "2427"]
[BlackElo "2702"]
[Result "0-1"]
[Round "2"]
[TimeControl "180+1"]
[Date "2023.08.22"]
[WhiteClock "0:00:11"]
[BlackClock "0:01:17"]
[Board "81"]

1. e4 c5 2. Nf3 d6 3. d4 cxd4 4. Nxd4 Nf6 5. Nc3 Nc6 6. Bc4 Qb6 7. Nb3 e6 8. Bf4 Ne5 9. Be2 Be7 10. g4 O-O 11. g5 Nfd7 12. Qd2 a6 13. Be3 Qc7 14. O-O-O b5 15. f4 Nc4 16. Bxc4 Qxc4 17. a3 Bb7 18. f5 exf5 19. exf5 Bxh1 20. Rxh1 Rfe8 21. f6 Bf8 22. Bd4 gxf6 23. gxf6 Kh8 24. Rg1 Ne5 25. Bxe5 Rxe5 26. Kb1 Rae8 27. Ka2 a5 28. Qg2 Bh6 29. Qh3 Bg5 30. Rg4 Qe6 31. Qh5 Bxf6 32. Qh6 a4 0-1


[Site "https://www.chess.com"]

[Event "Titled Tuesday Blitz August 22 Late 2023"]
[White "Matinian, Nikita"]
[Black "Delorme, Laurie"]
[WhiteFideId "24129100"]
[BlackFideId "630829"]
[WhiteElo "2701"]
[BlackElo "2426"]
[Result "1-0"]
[Round "2"]
[TimeControl "180+1"]
[Date "2023.08.22"]
[WhiteClock "0:01:51"]
[BlackClock "0:00:39"]
[Board "82"]

1. e4 c5 2. Nf3 Nc6 3. Bb5 e6 4. c3 Nge7 5. d4 cxd4 6. cxd4 d5 7. e5 a6 8. Ba4 b5 9. Bc2 Bb7 10. O-O Rc8 11. Nc3 Qb6 12. h4 a5 13. a4 b4 14. Nb5 Nf5 15. Bxf5 exf5 16. Re1 Nd8 17. Qd3 g6 18. Bg5 Rc4 19. Nd6+ Bxd6 20. exd6+ Ne6 21. d7+ Kxd7 22. Ne5+ Kc8 23. Nxc4 dxc4 24. Qxc4+ Kb8 25. d5 Nxg5 26. hxg5 Rd8 27. Rad1 Qd6 28. Qb5 Qf4 29. Re7 1-0


[Site "https://www.chess.com"]

[Event "Titled Tuesday Blitz August 22 Late 2023"]
[White "Titichoca Daza, Daniel"]
[Black "Cuenca Jimenez, Jose Fernando"]
[WhiteFideId "3309550"]
[BlackFideId "2255570"]
[WhiteElo "2423"]
[BlackElo "2700"]
[Result "1-0"]
[Round "2"]
[TimeControl "180+1"]
[Date "2023.08.22"]
[WhiteClock "0:00:11"]
[BlackClock "0:00:00"]
[Board "83"]

1. e4 c5 2. Nc3 Nc6 3. Nf3 e5 4. Bc4 g6 5. d3 h6 6. h4 d6 7. h5 g5 8. a3 Bg7 9. Nh2 Nge7 10. Nf1 O-O 11. Ne3 Nd4 12. Ncd5 Kh8 13. c3 Ne6 14. g3 Rb8 15. a4 b6 16. Qb3 a6 17. Qd1 Nxd5 18. Bxd5 Nc7 19. Bb3 f5 20. f3 f4 21. gxf4 exf4 22. Nd5 Nxd5 23. Bxd5 Bd7 24. Bd2 Qe7 25. Qb3 Bf6 26. O-O-O b5 27. a5 b4 28. cxb4 cxb4 29. Kb1 Be5 30. d4 Bxd4 31. Bxb4 Be5 32. Qa3 g4 33. Bc4 Rf6 34. Bxa6 gxf3 35. Bc4 Qd8 36. Rhg1 f2 37. Rg2 Qc7 38. Bd5 Qa7 39. Rf1 Bd4 40. Bc3 Bh3 41. Rgxf2 Bxf1 42. Rxf1 Bxc3 43. Qxc3 Qe7 44. Rxf4 Rf8 45. Rg4 Qe5 46. Qh3 Rb8 47. Rg2 Qd4 48. Qg4 1-0


[Site "https://www.chess.com"]

[Event "Titled Tuesday Blitz August 22 Late 2023"]
[White "Kourkoulos-Arditis, Stamatis"]
[Black "Hague, Ben"]
[WhiteFideId "4221990"]
[BlackFideId "405647"]
[WhiteElo "2698"]
[BlackElo "2394"]
[Result "1-0"]
[Round "2"]
[TimeControl "180+1"]
[Date "2023.08.22"]
[WhiteClock "0:01:01"]
[BlackClock "0:00:22"]
[Board "84"]

1. d4 d5 2. Bf4 e6 3. e3 Nf6 4. Nf3 Bd6 5. Nbd2 O-O 6. Bd3 b6 7. Qe2 Bb7 8. O-O Ne4 9. Bxd6 Qxd6 10. c4 Nd7 11. Rac1 c5 12. cxd5 exd5 13. Rfd1 Rfe8 14. dxc5 Ndxc5 15. Bxe4 Nxe4 16. Nxe4 Rxe4 17. Qc2 Re7 18. Nd4 g6 19. Rd3 Rae8 20. Rc3 h5 21. h3 Kg7 22. Rc7 Qf6 23. Qa4 a6 24. Rxb7 b5 25. Rxe7 1-0


[Site "https://www.chess.com"]

[Event "Titled Tuesday Blitz August 22 Late 2023"]
[White "Hjartarson, Johann"]
[Black "petr577"]
[WhiteFideId "2300044"]
[WhiteElo "2694"]
[BlackElo "2391"]
[Result "1-0"]
[Round "2"]
[TimeControl "180+1"]
[Date "2023.08.22"]
[WhiteClock "0:01:05"]
[BlackClock "0:00:04"]
[Board "85"]

1. c4 c5 2. g3 Nc6 3. Bg2 e5 4. Nc3 d6 5. Nf3 Be6 6. d3 Be7 7. O-O Qd7 8. a3 Bh3 9. b4 cxb4 10. axb4 Bxg2 11. Kxg2 Nxb4 12. Ba3 Nc6 13. Qa4 Nf6 14. Rfb1 O-O 15. Nd5 Rfc8 16. Qb5 b6 17. Nxf6+ Bxf6 18. e4 Rc7 19. h4 h6 20. Bc1 Nd4 21. Nxd4 exd4 22. Qxd7 Rxd7 23. Rxb6 h5 24. Rba6 g6 25. c5 Be7 26. c6 Rc7 27. Bb2 Bf6 28. R1a4 Rac8 29. Bxd4 Bxd4 30. Rxd4 Rxc6 31. Rxd6 Rxd6 32. Rxd6 Ra8 33. Ra6 Kf8 34. Kf3 Ke7 35. e5 Kd7 36. Ke4 Kc7 37. d4 Kb7 38. Ra3 a5 39. d5 Kb6 40. e6 fxe6 41. dxe6 Kb5 42. Ke5 Kb4 43. Ra1 a4 44. e7 Kb3 45. Kf6 a3 46. Kf7 Ra7 47. Kf8 1-0


[Site "https://www.chess.com"]

[Event "Titled Tuesday Blitz August 22 Late 2023"]
[White "Ozen, Batuhan"]
[Black "Papasimakopoulos, Alexandros"]
[WhiteFideId "6345123"]
[BlackFideId "4244125"]
[WhiteElo "2363"]
[BlackElo "2692"]
[Result "0-1"]
[Round "2"]
[TimeControl "180+1"]
[Date "2023.08.22"]
[WhiteClock "0:00:03"]
[BlackClock "0:01:33"]
[Board "86"]

1. c4 e6 2. Nf3 d5 3. g3 b6 4. Bg2 Bb7 5. O-O Nf6 6. b3 dxc4 7. bxc4 c5 8. Bb2 Be7 9. Nc3 O-O 10. d3 Nbd7 11. a4 Rb8 12. Ra2 Bc6 13. Ba1 a5 14. Nd2 Bxg2 15. Kxg2 Ne8 16. Nb5 Bf6 17. Qb3 Bxa1 18. Rfxa1 Qe7 19. Rb1 Nd6 20. Nf3 Nxb5 21. Qxb5 Qd6 22. Rab2 h6 23. Qb3 g5 24. Qc3 f5 25. Kg1 e5 26. Rb5 Rbe8 27. Ne1 e4 28. dxe4 Rxe4 29. R5b2 Qe6 30. Rc1 Rxe2 31. Rxe2 Qxe2 32. Nd3 Qe6 33. Re1 Qf6 34. Qb3 f4 35. Qb5 fxg3 36. hxg3 Rf7 37. Re3 h5 38. Qa6 h4 39. Qc8+ Kg7 40. Qa8 g4 41. gxh4 Qxh4 42. Qg2 Nf6 43. Rg3 Rd7 44. Qc6 Qg5 45. Qxb6 Qf5 46. Qb3 Ne4 47. Rg2 Qf3 48. Qb2+ Kg8 49. Qb8+ Kg7 50. Qe5+ Kf7 51. Qf4+ Ke7 52. Qxf3 gxf3 53. Rg4 Nf6 54. Rg7+ Kd6 55. Rxd7+ Nxd7 56. Kh2 Nb6 57. Kg3 Nxa4 58. Kxf3 Nb6 59. Nb2 a4 60. Ke4 a3 61. Nd1 a2 0-1


[Site "https://www.chess.com"]

[Event "Titled Tuesday Blitz August 22 Late 2023"]
[White "Alex_Sahakyan2006"]
[Black "Andrews, Todd"]
[BlackFideId "2012456"]
[WhiteElo "2691"]
[BlackElo "2360"]
[Result "0-1"]
[Round "2"]
[TimeControl "180+1"]
[Date "2023.08.22"]
[WhiteClock "0:00:11"]
[BlackClock "0:00:40"]
[Board "87"]

1. e4 c5 2. Nc3 d6 3. f4 g6 4. Nf3 Bg7 5. Bc4 Nc6 6. O-O Nd4 7. Nxd4 cxd4 8. Ne2 e6 9. d3 Ne7 10. Bb3 O-O 11. a4 Kh8 12. a5 f5 13. Ng3 Bd7 14. Qe1 Nc6 15. Bd2 Rc8 16. exf5 exf5 17. Qf2 Qf6 18. Rfe1 Rfe8 19. Bd5 a6 20. Kf1 Qh4 21. Kg1 Qf6 22. Ne2 h6 23. Kf1 Kh7 24. Ng1 Be6 25. Qf3 Qf7 26. Bxe6 Rxe6 27. Rxe6 Qxe6 28. Re1 Qf7 29. h4 h5 30. Nh3 Bf6 31. c4 Bxh4 32. g3 Bf6 33. b4 Kg7 34. Kg2 Re8 35. Rb1 Nd8 36. b5 h4 37. g4 fxg4 38. Qxg4 Qe7 39. f5 Qe2+ 40. Nf2 Qxg4+ 41. Nxg4 Re2+ 42. Kf3 Rxd2 43. bxa6 bxa6 44. Rb8 gxf5 45. Nxf6 Kxf6 46. Rxd8 Rxd3+ 47. Kf4 Ke6 48. Rh8 Rc3 49. Rh6+ Kd7 50. Kxf5 Rxc4 51. Rxh4 Rc5+ 52. Ke4 Rxa5 53. Rh7+ Kc6 54. Kxd4 Ra4+ 55. Kc3 a5 56. Rh5 d5 57. Rh8 Rc4+ 58. Kb3 a4+ 59. Ka3 Rg4 60. Rc8+ Kd6 61. Rd8+ Ke5 62. Re8+ Kd4 63. Kxa4 Kc3+ 64. Ka3 d4 65. Rc8+ Kd2 66. Kb2 Rg7 67. Rh8 Rb7+ 68. Ka2 d3 69. Rh2+ Kc3 70. Rh3 Kc2 71. Rh8 Ra7# 0-1


[Site "https://www.chess.com"]

[Event "Titled Tuesday Blitz August 22 Late 2023"]
[White "Sanchez Castillo, Sarai Carolina"]
[Black "GaiozNigalidze"]
[WhiteFideId "3900754"]
[WhiteElo "2360"]
[BlackElo "2689"]
[Result "0-1"]
[Round "2"]
[TimeControl "180+1"]
[Date "2023.08.22"]
[WhiteClock "0:00:00"]
[BlackClock "0:00:42"]
[Board "88"]

1. e4 c5 2. Nf3 d6 3. Nc3 Nf6 4. e5 dxe5 5. Nxe5 Nc6 6. Nxc6 bxc6 7. Qf3 Bd7 8. Bc4 e6 9. d3 Be7 10. O-O O-O 11. Bg5 Rb8 12. Rab1 Nd5 13. Bxe7 Qxe7 14. Ne4 f5 15. Nd2 Kh8 16. c3 Qd6 17. Rfe1 e5 18. Bxd5 cxd5 19. Qe3 e4 20. dxe4 fxe4 21. Nb3 Rbc8 22. Rbd1 Bf5 23. Rd2 c4 24. Nd4 Bd7 25. Ne2 Qe5 26. Red1 Be6 27. Qxa7 Rf6 28. Ng3 Rcf8 29. Qd4 Qg5 30. a4 h5 31. Qe3 Qg6 32. h4 Rf4 33. Nf1 Rxh4 0-1


[Site "https://www.chess.com"]

[Event "Titled Tuesday Blitz August 22 Late 2023"]
[White "Senft, Sean"]
[Black "Pert, Richard G"]
[WhiteFideId "2044960"]
[BlackFideId "404748"]
[WhiteElo "2342"]
[BlackElo "2688"]
[Result "1/2-1/2"]
[Round "2"]
[TimeControl "180+1"]
[Date "2023.08.22"]
[WhiteClock "0:00:06"]
[BlackClock "0:00:22"]
[Board "89"]

1. d4 e6 2. c4 f5 3. Nc3 Nf6 4. Nf3 Bb4 5. Bd2 O-O 6. g3 c5 7. Bg2 cxd4 8. Nxd4 Nc6 9. Nxc6 dxc6 10. O-O e5 11. Qb3 a5 12. Rad1 Qe7 13. a3 Bc5 14. Na4 Ba7 15. Nb6 Bxb6 16. Qxb6 Be6 17. Bxa5 Bxc4 18. Bb4 Qf7 19. Bxf8 Rxf8 20. Rfe1 e4 21. Rd8 h5 22. Rxf8+ Kxf8 23. Qd8+ Ne8 24. e3 Bd5 25. h4 Kg8 26. Bh3 Kh7 27. Qg5 Nd6 28. Bf1 Qe8 29. Rd1 Qf7 30. Be2 g6 31. Qf4 Qe6 32. Rc1 Kg7 33. Qg5 Nf7 34. Qf4 Ne5 35. Rd1 b5 36. Qg5 Nf7 37. Qf4 Ne5 38. Rc1 Kh7 39. Qg5 Nf7 40. Qf4 Ne5 41. Rd1 Kg7 1/2-1/2


[Site "https://www.chess.com"]

[Event "Titled Tuesday Blitz August 22 Late 2023"]
[White "Olsen, Filip Boe"]
[Black "Davidson, Kevin"]
[WhiteFideId "1440640"]
[BlackFideId "2056810"]
[WhiteElo "2688"]
[BlackElo "2340"]
[Result "1-0"]
[Round "2"]
[TimeControl "180+1"]
[Date "2023.08.22"]
[WhiteClock "0:00:45"]
[BlackClock "0:00:00"]
[Board "90"]

1. c4 Nf6 2. Nc3 g6 3. e4 d6 4. d3 Bg7 5. Be2 O-O 6. Be3 c5 7. h3 Nc6 8. Qd2 a6 9. f4 Rb8 10. a4 Ne8 11. Nf3 Nc7 12. O-O b5 13. axb5 axb5 14. cxb5 Nxb5 15. Nxb5 Rxb5 16. Ra2 Be6 17. d4 cxd4 18. Nxd4 Nxd4 19. Bxd4 Bxa2 20. Bxb5 Bxd4+ 21. Qxd4 Qa5 22. Qa4 Qxa4 23. Bxa4 Rb8 24. b3 Rb7 25. Rf3 Bb1 26. Re3 Bc2 27. Kf2 Rb4 28. Kf3 Kg7 29. e5 dxe5 30. fxe5 Bf5 31. Bc6 Be6 32. Ba4 h5 33. Rd3 h4 34. Ke3 g5 35. Rd4 Rxd4 36. Kxd4 Kg6 37. b4 Kf5 38. b5 Bc8 39. Bd1 1-0


[Site "https://www.chess.com"]

[Event "Titled Tuesday Blitz August 22 Late 2023"]
[White "Rastbod, Ali"]
[Black "Peatman, Carter"]
[WhiteFideId "12567477"]
[BlackFideId "2096480"]
[WhiteElo "2685"]
[BlackElo "2338"]
[Result "1-0"]
[Round "2"]
[TimeControl "180+1"]
[Date "2023.08.22"]
[WhiteClock "0:00:06"]
[BlackClock "0:00:02"]
[Board "91"]

1. e4 e5 2. Nc3 Bc5 3. Nf3 d6 4. Bc4 Nf6 5. h3 Nc6 6. Na4 Bb6 7. Nxb6 axb6 8. d3 Be6 9. Qe2 h6 10. O-O Bxc4 11. dxc4 Qe7 12. c3 Nh5 13. b4 Nf4 14. Bxf4 exf4 15. Nd4 Ne5 16. a4 g5 17. Rfe1 h5 18. f3 g4 19. hxg4 hxg4 20. fxg4 Qh4 21. Nf5 Qh2+ 22. Kf2 f3 23. Qf1 Nxg4+ 24. Kxf3 Ne5+ 25. Ke2 Qh5+ 26. Kd2 Qg5+ 27. Kc2 Rg8 28. Re2 Ng4 29. Qf3 Ne5 30. Qh3 Qg4 31. Qxg4 Rxg4 32. Rh1 O-O-O 33. Ne7+ Kd7 34. Nd5 Rg6 35. Rh7 Rdg8 36. Rh2 R8g7 37. Nf4 Rg4 38. Nd5 R4g6 39. Ne3 Rg3 40. Nf5 Nxc4 41. Nxg7 Rxg7 42. Kb3 Ne5 43. Rh5 Rg3 44. Rf5 Rd3 45. Rf1 Ke6 46. Rf5 Rg3 47. Ref2 Ke7 48. Rh5 Rd3 49. Rh8 Rg3 50. Rb8 Kd7 51. Rxb7 Nd3 52. Rxf7+ Kc6 53. Rfxc7# 1-0


[Site "https://www.chess.com"]

[Event "Titled Tuesday Blitz August 22 Late 2023"]
[White "Tatarinov, Dmitry"]
[Black "Stanisz, Patryk"]
[WhiteFideId "24160067"]
[BlackFideId "1123106"]
[WhiteElo "2677"]
[BlackElo "2330"]
[Result "1-0"]
[Round "2"]
[TimeControl "180+1"]
[Date "2023.08.22"]
[WhiteClock "0:00:22"]
[BlackClock "0:00:00"]
[Board "92"]

1. Nf3 d5 2. c4 c6 3. d4 Nf6 4. Nc3 e6 5. cxd5 exd5 6. Bg5 h6 7. Bh4 Be7 8. e3 O-O 9. Bd3 Re8 10. Qc2 Ne4 11. Bxe7 Qxe7 12. O-O Bg4 13. Ne5 Nxc3 14. bxc3 Be6 15. c4 dxc4 16. Nxc4 Nd7 17. Rab1 Nf6 18. Na5 Rab8 19. Rfc1 Nd5 20. Qd2 Qc7 21. a4 Nb6 22. Qc2 Nd5 23. Nc4 Qe7 24. a5 Nb4 25. Qc3 Nxd3 26. Qxd3 Qf6 27. Ne5 Red8 28. Qc3 Bf5 29. Rb4 Rd5 30. a6 c5 31. Rxb7 Rbd8 32. Nxf7 cxd4 33. exd4 R8d7 34. Rxd7 Rxd7 35. Ne5 Rd6 36. h3 Rxa6 37. Qc4+ Kh7 38. Rc3 Qd6 39. Rg3 Ra1+ 40. Kh2 1-0


[Site "https://www.chess.com"]

[Event "Titled Tuesday Blitz August 22 Late 2023"]
[White "ArmanGhevondyanchess"]
[Black "Ghasi, Ameet K"]
[BlackFideId "409200"]
[WhiteElo "2325"]
[BlackElo "2676"]
[Result "0-1"]
[Round "2"]
[TimeControl "180+1"]
[Date "2023.08.22"]
[WhiteClock "0:00:11"]
[BlackClock "0:00:40"]
[Board "93"]

1. Nf3 g6 2. g3 Bg7 3. d4 d5 4. Bg2 Nf6 5. O-O O-O 6. b3 c6 7. Bb2 Bf5 8. c4 a5 9. Nc3 Ne4 10. Rc1 Nxc3 11. Bxc3 Be4 12. Qd2 e6 13. Rfd1 Nd7 14. Ne5 Bxg2 15. Kxg2 Nf6 16. f3 a4 17. Qb2 Qe7 18. c5 axb3 19. axb3 Ne8 20. Nd3 Nc7 21. Ra1 Nb5 22. Rxa8 Rxa8 23. Ra1 Rd8 24. e3 h6 25. Qd2 Re8 26. Bb2 Qg5 27. b4 h5 28. h4 Qf5 29. Nf2 Qf6 30. Nd1 Qf5 31. Nc3 Nxc3 32. Bxc3 e5 33. dxe5 Bxe5 34. Re1 Bxc3 35. Qxc3 Re6 36. Re2 Re5 37. Qd4 Re8 38. Qb2 Qd3 39. Qd2 Qxd2 40. Rxd2 Rxe3 41. Rb2 Rc3 42. Ra2 Rb3 43. Ra4 Kg7 44. Kf2 Kf6 45. Ke2 Ke5 46. Kf2 Kf5 47. Kg2 Rb2+ 48. Kh3 Ke5 49. g4 d4 50. Kg3 d3 51. gxh5 gxh5 52. Ra3 Kd4 53. Kf4 Rxb4 0-1


[Site "https://www.chess.com"]

[Event "Titled Tuesday Blitz August 22 Late 2023"]
[White "Antonio, Jorge Carlos"]
[Black "Annaberdiyev, Meylis"]
[WhiteFideId "113190"]
[BlackFideId "14000563"]
[WhiteElo "2311"]
[BlackElo "2673"]
[Result "0-1"]
[Round "2"]
[TimeControl "180+1"]
[Date "2023.08.22"]
[WhiteClock "0:01:42"]
[BlackClock "0:00:24"]
[Board "94"]

1. d4 Nf6 2. Nf3 g6 3. c4 Bg7 4. Nc3 O-O 5. e4 d6 6. Be2 e5 7. O-O exd4 8. Nxd4 Re8 9. f3 c6 10. Nc2 Na6 11. a3 Nh5 12. g4 Nf6 13. Be3 h5 14. h3 Nh7 15. Kg2 Nc5 16. Nb4 Be6 17. Kf2 a5 18. Nc2 Be5 19. Nd4 Qh4+ 20. Kg2 Qg3+ 21. Kh1 Qh2# 0-1


[Site "https://www.chess.com"]

[Event "Titled Tuesday Blitz August 22 Late 2023"]
[White "Mamedov, Edgar"]
[Black "Zampronha, Wladimir Camilo"]
[WhiteFideId "13739980"]
[BlackFideId "2103087"]
[WhiteElo "2671"]
[BlackElo "2309"]
[Result "1-0"]
[Round "2"]
[TimeControl "180+1"]
[Date "2023.08.22"]
[WhiteClock "0:02:38"]
[BlackClock "0:01:22"]
[Board "95"]

1. d4 Nf6 2. Nf3 e6 3. c4 d5 4. e3 c5 5. cxd5 exd5 6. Nc3 Nc6 7. Bb5 a6 8. Bxc6+ bxc6 9. O-O Bd6 10. dxc5 Bxc5 11. b3 O-O 12. Bb2 Qe7 13. Rc1 Bd6 14. h3 Bd7 15. Na4 Rab8 16. Qd4 Qe4 17. Nc5 Qxd4 18. Bxd4 Bxc5 19. Bxc5 Ne4 20. Bxf8 Kxf8 21. Ne5 Be8 22. Nxc6 Rc8 23. Nd4 Nc3 24. Rc2 1-0


[Site "https://www.chess.com"]